 Dungeon Crawl Stone Soup version 0.22-a0-161-g198051c (webtiles) character file.

427 vishdafish the Chucker (level 6, -1/59 HPs)
             Began as a Troll Hunter on Feb 11, 2018.
             Slain by p0werm0de's ghost (12 damage)
             ... on level 4 of the Dungeon.
             The game lasted 00:06:10 (2374 turns).

vishdafish the Chucker (Troll Hunter)               Turns: 2374, Time: 00:06:11

Health: -1/59      AC:  7    Str: 22    XL:     6   Next: 65%
Magic:  5/5        EV: 10    Int:  7    God:
Gold:   126        SH:  0    Dex: 11    Spells: 5/5 levels left

rFire    + . .     SeeInvis .     - Unarmed
rCold    . . .     Gourm    +   (no shield)
rNeg     . . .     Faith    .   b - +1 robe
rPois    .         Spirit   .   (helmet restricted)
rElec    .         Reflect  .   v - +0 cloak
rCorr    .         Harm     .   (gloves unavailable)
MR       .....                  (boots unavailable)
Stlth    ..........             (no amulet)
HPRegen  0.59/turn              y - ring of loudness (curse)
MPRegen  0.09/turn              k - ring of protection from fire

@: no status effects
A: large, unfitting armour, claws 3, fast metabolism 3, gourmand, regeneration
1, shaggy fur 1, tough skin 2
a: no special abilities


You were on level 4 of the Dungeon.
You were very full.

You visited 1 branch of the dungeon, and saw 4 of its levels.

You collected 126 gold pieces.

Inventory:

Hand Weapons
 a - a +0 short sword
Missiles
 c - 5 large rocks (quivered)
 d - 3 throwing nets
Armour
 b - a +1 robe (worn)
 v - a +0 cloak (worn)
Jewellery
 e - an uncursed ring of stealth
 j - an uncursed ring of magical power
 k - a ring of protection from fire (right claw)
 y - a cursed ring of loudness (left claw)
Scrolls
 h - a scroll of fear {unknown}
 i - a scroll of remove curse {unknown}
 l - a scroll of identify {unknown}
 n - a scroll of magic mapping {unknown}
 o - a scroll of blinking {unknown}
 t - a scroll of enchant weapon {unknown}
 u - a scroll of fog {unknown}
Potions
 p - a potion of degeneration {unknown}
 q - a potion of heal wounds
 r - a potion of flight {unknown}
 w - a potion of brilliance
 x - a potion of agility {unknown}
 z - a potion of mutation {unknown}
Books
 s - a book of Cantrips

   Spells                             Type                      Level
   a - Confusing Touch                Hexes                        1
   b - Animate Skeleton               Necromancy                   1
   c - Summon Small Mammal            Summoning                    1
   d - Apportation                    Translocation                1
Comestibles
 f - 7 rations


   Skills:
 + Level 2.9 Fighting
 + Level 4.6 Throwing
 + Level 2.9 Dodging
 - Level 0.3 Stealth
 * Level 4.1 Unarmed Combat


You had 5 spell levels left.
You didn't know any spells.

Dungeon Overview and Level Annotations

Branches:
Dungeon (4/15)
 Temple: D:4-7

Altars:
Fedhas
Kikubaaqudgha
Ru

Annotations:
D:4 p0werm0de's ghost, amateur OpGl


Innate Abilities, Weirdness & Mutations

You are too large for most types of armour.
You have claws for hands.
Your metabolism is lightning-fast.
You like to eat raw meat.
Your natural rate of healing is unusually fast.
You are covered in fur. (AC +1)
You have very tough skin. (AC +2)


Message History

P0werm0de's ghost is severely damaged.
P0werm0de's ghost hits you.
You closely miss p0werm0de's ghost.
P0werm0de's ghost is severely damaged.
P0werm0de's ghost hits you.
You are electrocuted!
* * * LOW HITPOINT WARNING * * *
It was a potion of heal wounds.
You feel much better. P0werm0de's ghost hits you.
You are electrocuted!
You miss p0werm0de's ghost.
P0werm0de's ghost is severely damaged.
P0werm0de's ghost hits you.
* * * LOW HITPOINT WARNING * * *
You barely miss p0werm0de's ghost.
P0werm0de's ghost is severely damaged.
You scratch p0werm0de's ghost.
P0werm0de's ghost is severely damaged.
P0werm0de's ghost hits you.
* * * LOW HITPOINT WARNING * * *
You are electrocuted!
You die...

########
#......#
#..@...#..
#..W.....#
###...####
....# #...
.###..# ..
.#.## #.
..# ...
#...###.
..# ....
#...#.. .#
.##
....##.....
#.#


You could see p0werm0de's ghost.

Vanquished Creatures
  Sigmund (D:3)
  An ogre (D:4)
  Crazy Yiuf (D:3)
  Jessica (D:3)
  4 gnolls
  2 adders
  2 oozes
  An adder zombie (D:1)
  4 worms
  2 leopard geckos (D:1)
  An orc (D:3)
  2 giant cockroaches (D:3)
  A goblin (D:1)
  7 hobgoblins
  3 jackals (D:1)
  2 quokkas
  9 bats
  3 frilled lizards
  A jackal zombie (D:1)
  4 kobolds
  A leopard gecko skeleton (D:4)
  5 rats
58 creatures vanquished.

Notes
Turn   | Place    | Note
-------+----------+-------------------------------------------
     0 | D:1      | vishdafish the Troll Hunter began the quest for the Orb.
     0 | D:1      | Reached XP level 1. HP: 19/19 MP: 0/0
    69 | D:1      | Reached XP level 2. HP: 28/28 MP: 1/1
    78 | D:1      | Reached skill level 1 in Unarmed Combat
   867 | D:2      | Reached XP level 3. HP: 34/35 MP: 2/2
  1150 | D:2      | Found a sacrificial altar of Ru.
  1486 | D:3      | Noticed Sigmund
  1533 | D:2      | Reached XP level 4. HP: 11/42 MP: 3/3
  1692 | D:3      | Noticed Jessica
  1703 | D:3      | Killed Jessica
  1754 | D:3      | Found a blossoming altar of Fedhas.
  1794 | D:3      | Found a runed door.
  1894 | D:3      | Noticed Crazy Yiuf
  1895 | D:3      | Killed Crazy Yiuf
  1895 | D:3      | Reached XP level 5. HP: 50/50 MP: 4/4
  2156 | D:3      | Found an ancient bone altar of Kikubaaqudgha.
  2287 | D:3      | Killed Sigmund
  2287 | D:3      | Reached XP level 6. HP: 59/59 MP: 5/5
  2358 | D:4      | Noticed p0werm0de's ghost (amateur OpGl)
  2374 | D:4      | Slain by p0werm0de's ghost

Vault maps used:
D:1:      saegor_arrival_fortress
D:2:      marbit_many_paths, first_ration
D:3:      kiku_gazebo_garden_becter, grunt_ministairs_9, fedhas_altar_1,
          uniq_jessica, uniq_crazy_yiuf_cottage, uniq_sigmund
D:4:      kennysheep_mini, minmay_a_box_with_orc_wizards_in_it

Skill      XL: |  1  2  3  4  5  6 |
---------------+-------------------+-----
Unarmed Combat | 1 2 3 4 |  4.1
Fighting       | 2 |  2.9
Dodging        | 2 |  2.9
Throwing       | 4 |  4.6
Stealth        | |  0.3

Action                   |  1- 3 |  4- 6 || total
-------------------------+-------+-------++-------
Melee: Short sword       |    11 |       ||    11
       Unarmed           |   126 |    54 ||   180
       Punch             |       |     1 ||     1
Throw: Large rock        |     3 |     4 ||     7
  Use: Potion            |     2 |     2 ||     4
       Scroll            |       |     2 ||     2
 Stab: Sleeping          |     2 |     1 ||     3
  Eat: Chunk             |    13 |    13 ||    26
Armor: Robe              |    63 |    14 ||    77
Dodge: Dodged            |    62 |    20 ||    82

Table legend:
 A = Spawn XP
 B = Non-spawn XP
 C = Spawn XP percentage of total XP
 D = Spawn monster count
 E = Non-spawn monster count
 F = Spawn count percentage of total count
 G = Total turns spent on level
                    A         B        C        D         E        F      G
               +---------+---------+-------+---------+---------+-------+---------
         Total |       0 |     610 |   0.0 |       0 |      58 |   0.0 |  2374
               +---------+---------+-------+---------+---------+-------+---------
           D:1 |       0 |      34 |   0.0 |       0 |      18 |   0.0 |   796
           D:2 |       0 |      73 |   0.0 |       0 |      17 |   0.0 |   742
           D:3 |       0 |     381 |   0.0 |       0 |      20 |   0.0 |   775
           D:4 |       0 |     122 |   0.0 |       0 |       3 |   0.0 |    61
               +---------+---------+-------+---------+---------+-------+---------
